 Dungeon Crawl Stone Soup version 0.23.2-40-g277498a001 (webtiles) character file.

Game seed: 4252656751938440750

177 Amplified the Magician (level 5, 0/35 HPs)
             Began as a Mummy Fire Elementalist on Aug 23, 2019.
             Slain by an orc
             ... wielding a +0 trident
              (4 damage)
             ... on level 3 of the Dungeon.
             The game lasted 00:06:10 (2621 turns).

Amplified the Magician (Mummy Fire Elementalist)    Turns: 2621, Time: 00:06:11

Health: 0/35       AC:  3    Str: 11    XL:     5   Next: 31%
Magic:  3/10       EV: 12    Int: 15    God:
Gold:   96         SH:  0    Dex: 13    Spells: 5/11 levels left

rFire    x . .     SeeInvis .   c - +2 dagger (protect)
rCold    + . .     Gourm    +   (no shield)
rNeg     + + +     Faith    .   a - +0 robe
rPois    ∞         Spirit   .   (no helmet)
rElec    .         Reflect  .   (no cloak)
rCorr    .         Harm     .   b - +0 pair of gloves
MR       .....                  (no boots)
Stlth    +.........             e - amulet of the gourmand
HPRegen  0.11/turn              (no ring)
MPRegen  0.12/turn              (no ring)

@: confused
A: no food or potions, fire vulnerability, cold resistance 1, negative energy
resistance 3, torment resistance, unbreathing
a: no special abilities


You were on level 3 of the Dungeon.
You were not hungry.

You visited 1 branch of the dungeon, and saw 4 of its levels.

You collected 96 gold pieces.

Inventory:

Hand Weapons
 c - a +2 dagger of protection (weapon)
Armour
 a - a +0 robe (worn)
 b - a +0 pair of gloves (worn)
Jewellery
 e - an amulet of the gourmand (around neck)
Scrolls
 d - 4 scrolls of teleportation
 f - 3 scrolls of identify
 g - a scroll of remove curse


   Skills:
 - Level 1.5 Dodging
 - Level 1.5 Stealth
 + Level 3.8 Spellcasting
 * Level 2.7 Conjurations
 * Level 3.6 Fire Magic


You had 5 spell levels left.
You knew the following spells:

 Your Spells              Type           Power        Failure   Level  Hunger
a - Flame Tongue          Conj/Fire      ##...        4%          1    N/A
b - Throw Flame           Conj/Fire      ##....       8%          2    N/A
c - Conjure Flame         Conj/Fire      ##......     14%         3    N/A

Your spell library contained the following spells:

 Spells                   Type           Power        Failure   Level  Hunger
 Inner Flame              Hex/Fire       #.......     26%         3    N/A
 Sticky Flame             Conj/Fire      ##......     43%         4    N/A
 Fireball                 Conj/Fire      ##........   80%         5    N/A

Dungeon Overview and Level Annotations

Branches:
Dungeon (4/15)
 Temple: D:4-7

Altars:


Innate Abilities, Weirdness & Mutations

You do not eat or drink.
Your flesh is vulnerable to fire.
You are immune to poison.
Your flesh is cold resistant. (rC+)
You are immune to negative energy. (rN+++)
You are immune to unholy pain and torment.
You can survive without breathing.


Message History

The puff of flame misses you.
The puff of flame hits the orc.
The orc closely misses you.
Unknown command.
You miss the orc wizard.
The orc wizard is moderately wounded.
The orc hits you with a +0 flail.
* * * LOW HITPOINT WARNING * * *
The orc wizard hits you but does no damage.
The orc barely misses you.
Unknown command.
You bump into the rock wall.
The orc barely misses you. The orc wizard casts a spell at you.
The puff of flame hits you. The fire burns you terribly!
* * * LOW HITPOINT WARNING * * *
Unknown command.
You aren't carrying any items that you can evoke.
Unknown command.
You bump into the rock wall.
The orc hits you from afar with a +0 trident.
You die...

#..>........................
########.###########.............
.......#.# #.............
###....#.# #.............
.##....#)# #...).........
.##....#o# #.....).......
.##....#.# #.............
.##....#.###########......†......
.#............oo@o..oo..†.......!
.#.......###########.............
.#.......# #######............
.........# #..................
.#.......# #..................
##.......# #........#.........
#.......# #........##........
##.)....# #........###.......
###......# #........# ##......


You could see an orc wizard and 4 orcs.

Vanquished Creatures
  A bullfrog skeleton (D:4)
  An orc wizard (D:3)
  A gnoll (D:2)
  2 adders (D:2)
  6 worms
  3 dart slugs
  2 leopard geckos
  5 orcs (D:3)
  A ball python (D:1)
  11 bats
  5 giant cockroaches
  8 goblins
  5 hobgoblins
  A frilled lizard (D:2)
  7 kobolds
  5 rats
64 creatures vanquished.

Notes
Turn   | Place    | Note
-------+----------+-------------------------------------------
     0 | D:1      | Amplified the Mummy Fire Elementalist began the quest for
                  | the Orb.
     0 | D:1      | Reached XP level 1. HP: 13/13 MP: 4/4
    54 | D:1      | Reached skill level 1 in Conjurations
   254 | D:1      | Reached XP level 2. HP: 17/19 MP: 1/5
   351 | D:1      | Learned a level 2 spell: Throw Flame
  1025 | D:2      | Reached XP level 3. HP: 22/24 MP: 2/7
  1331 | D:2      | Learned a level 3 spell: Conjure Flame
  1410 | D:2      | Reached XP level 4. HP: 30/30 MP: 9/9
  2364 | D:4      | Reached XP level 5. HP: 23/35 MP: 4/10
  2621 | D:3      | Slain by an orc

Skill      XL: |  1  2  3 |
---------------+----------+-----
Conjurations   | 1 2 |  2.7
Spellcasting   | 3 |  3.8
Fire Magic     | 3 |  3.6
Dodging        | |  1.5
Stealth        | |  1.5

Action                   |  1- 3 |  4- 6 || total
-------------------------+-------+-------++-------
Melee: Unarmed           |     6 |       ||     6
       Dagger            |    17 |    82 ||    99
 Cast: Flame Tongue      |    66 |    40 ||   106
       Throw Flame       |     1 |       ||     1
       Conjure Flame     |       |     1 ||     1
  Use: Scroll            |     4 |     4 ||     8
 Stab: Sleeping          |       |     1 ||     1
Armor: Robe              |    11 |    29 ||    40
Dodge: Dodged            |    28 |    70 ||    98
